AoeStats
← Grandma's Boy

Lombardia

509343511Analyzed
4v4 RM · 6d ago on Sep 26, 2026· 117m 6s· 8 players
Game mode
Random Map
Map size
Large (8 player)
Population
200
Speed
Normal
Resources
Standard
Victory
Conquest
Starting age
Dark Age
Ending age
Imperial Age
RankedLock teamsTeams togetherTeam positionsShared explorationLock speedFull tech treeHidden civsTurbo modeCheats
Victory
Defeat
🇨🇦 Wei · Canada
737
+10
🇺🇸 Georgians · United States
704
+12
🇳🇿 Bohemians · New Zealand
673
+13
🇺🇸 Spanish · United States
636
+14
🇨🇳 Portuguese · China
649
-14
🇨🇳 Bohemians · China
646
-14
🇨🇳 Portuguese · China
582
-11
🇨🇭 Goths · Switzerland
532
-10
weefimonster
10:52 Feudal Age
17:15 Castle Age
16:02 Double-Bit Axe
16:16 Horse Collar
18:14 Light Cavalry
19:20 Bow Saw
19:13 Heavy Plow
25:47 Wheelbarrow
25:00 Loom
25:17 Gold Mining
25:19 Stone Mining
29:08 Fortified Wall
29:54 Stone Shaft Mining
29:55 Gold Shaft Mining
32:51 Imperial Age
32:06 Fletching
33:22 Tuntian
33:23 Bodkin Arrow
33:55 Bloodlines
33:46 Husbandry
33:12 Elite Tiger Cavalry
34:22 Caravan
34:55 Coinage
34:51 Conscription
35:37 Ming Guang Armor
35:22 Thumb Ring
35:23 Bracer
35:26 Murder Holes
36:28 Hand Cart
36:02 Town Watch
36:55 Hoardings
37:03 Banking
37:21 Scale Barding Armor
37:27 Forging
37:18 Padded Archer Armor
38:13 Parthian Tactics
38:51 Chain Barding Armor
39:00 Ballistics
39:41 Chemistry
38:52 Masonry
40:02 Iron Casting
41:42 Leather Archer Armor
41:17 Hussar
45:40 Blast Furnace
45:11 Ring Archer Armor
80:29 Heavy Hei Guang Cavalry
zKiNGvSTON4z
11:44 Feudal Age
12:17 Horse Collar
12:36 Double-Bit Axe
20:27 Castle Age
22:30 Heavy Plow
22:52 Bow Saw
24:54 Wheelbarrow
26:28 Hand Cart
32:43 Imperial Age
34:05 Caravan
35:49 Squires
37:11 Chemistry
36:18 Siege Engineers
36:35 Ballistics
36:09 Fletching
36:20 Padded Archer Armor
36:25 Scale Mail Armor
36:36 Forging
36:34 Pikeman
36:48 Pikeman
37:44 Halberdier
39:53 Iron Casting
39:34 Chain Mail Armor
39:35 Leather Archer Armor
39:16 Bodkin Arrow
40:17 Fortified Wall
40:21 Masonry
40:23 Elite Hussite Wagon
42:45 Two-Man Saw
42:53 Wagenburg Tactics
43:13 Conscription
43:17 Bracer
43:48 Ring Archer Armor
43:50 Plate Mail Armor
44:21 Blast Furnace
46:57 Arson
50:05 Houfnice
isthisthingon
12:33 Feudal Age
12:59 Horse Collar
13:28 Double-Bit Axe
21:02 Castle Age
21:06 Gold Mining
21:54 Bow Saw
21:37 Stone Mining
21:26 Pikeman
22:07 Squires
24:56 Heavy Plow
28:04 Wheelbarrow
27:16 Town Watch
32:21 Hand Cart
36:16 Imperial Age
35:52 Fortified Wall
38:30 Chemistry
40:10 Two-Man Saw
39:00 Halberdier
40:22 Ballistics
40:16 Town Patrol
42:32 Thumb Ring
43:01 Arson
43:30 Forging
43:26 Scale Barding Armor
43:13 Fletching
43:43 Bloodlines
43:37 Husbandry
44:07 Conscription
45:00 Inquisition
46:15 Elite Conquistador
47:20 Fervor
47:23 Redemption
48:55 Iron Casting
48:40 Chain Barding Armor
48:16 Bodkin Arrow
48:32 Masonry
48:18 Murder Holes
49:06 Onager
53:30 Capped Ram
54:21 Cavalier
61:25 Sanctity
61:33 Illumination
65:05 Siege Ram
69:47 Elite Skirmisher
70:04 Light Cavalry
79:34 Blast Furnace
78:34 Bracer
79:10 Plate Barding Armor
85:04 Hussar
88:35 Scale Mail Armor
88:36 Padded Archer Armor
Grandma's Boy
3:10 Loom
13:05 Feudal Age
13:30 Horse Collar
13:36 Double-Bit Axe
15:15 Wheelbarrow
17:39 Gold Mining
17:59 Stone Mining
19:59 Scale Mail Armor
20:05 Scale Barding Armor
20:01 Padded Archer Armor
20:13 Forging
22:33 Castle Age
20:32 Fletching
22:42 Bloodlines
23:17 Husbandry
22:38 Light Cavalry
23:25 Heavy Plow
23:37 Bow Saw
23:26 Bodkin Arrow
24:48 Leather Archer Armor
24:41 Pikeman
26:13 Hand Cart
31:25 Stone Shaft Mining
31:46 Chain Barding Armor
32:02 Iron Casting
32:26 Town Watch
33:17 Caravan
33:46 Town Patrol
37:07 Imperial Age
35:02 Fortified Wall
35:15 Ballistics
34:46 Guard Tower
34:44 Treadmill Crane
35:17 Masonry
38:36 Crop Rotation
39:04 Conscription
39:20 Hoardings
38:51 Aznauri Cavalry
38:52 Svan Towers
40:46 Chemistry
40:23 Keep
39:47 Murder Holes
39:46 Arrowslits
40:55 Architecture
40:48 Siege Engineers
40:17 Halberdier
40:58 Squires
42:10 Bracer
42:47 Plate Barding Armor
42:28 Chain Mail Armor
42:14 Elite Skirmisher
44:06 Arson
44:01 Hussar
45:44 Blast Furnace
50:28 Plate Mail Armor
52:08 Coinage
52:18 Coinage
56:12 Banking
61:41 Heavy Scorpion
69:29 Capped Ram
76:29 Siege Ram
93:13 Crossbowman
94:28 Parthian Tactics
95:31 Heavy Cavalry Archer
Umiker
0:47 Loom
12:41 Feudal Age
20:06 Castle Age
20:37 Wheelbarrow
19:47 Town Watch
21:00 Double-Bit Axe
21:00 Horse Collar
22:00 Caravan
22:53 Heavy Plow
23:39 Pikeman
24:20 Squires
28:34 Bow Saw
32:48 Imperial Age
31:17 Forging
30:58 Fletching
31:08 Scale Mail Armor
32:47 Hand Cart
32:33 Town Patrol
33:52 Conscription
33:40 Halberdier
34:42 Padded Archer Armor
35:06 Bodkin Arrow
35:18 Scale Barding Armor
36:13 Crop Rotation
37:16 Two-Man Saw
37:01 Murder Holes
38:24 Chemistry
39:33 Ballistics
39:25 Masonry
39:17 Bracer
39:53 Iron Casting
39:35 Chain Mail Armor
39:36 Leather Archer Armor
39:54 Chain Barding Armor
40:31 Anarchy
42:18 Blast Furnace
43:41 Elite Skirmisher
45:53 Ring Archer Armor
45:27 Husbandry
45:38 Bloodlines
44:53 Light Cavalry
47:15 Elite Huskarl
48:02 Cavalier
53:17 Perfusion
shenyany
2:39 Loom
11:41 Feudal Age
12:20 Horse Collar
20:21 Castle Age
19:48 Double-Bit Axe
21:55 Bow Saw
26:58 Stone Mining
28:30 Wheelbarrow
28:12 Town Watch
30:00 Gold Mining
30:13 Treadmill Crane
33:25 Imperial Age
32:02 Pikeman
33:35 Scale Mail Armor
33:27 Fletching
33:37 Padded Archer Armor
34:34 Conscription
35:44 Chemistry
35:32 Stone Shaft Mining
35:47 Thumb Ring
36:14 Hand Cart
35:45 Elite Skirmisher
36:25 Gambesons
36:57 Bloodlines
39:02 Ballistics
38:54 Fortified Wall
39:21 Halberdier
39:47 Arson
40:56 Arquebus
42:12 Husbandry
41:32 Light Cavalry
42:57 Town Patrol
44:41 Siege Engineers
44:57 Bombard Tower
44:49 Masonry
44:34 Murder Holes
44:06 Cavalier
45:01 Scale Barding Armor
45:07 Forging
45:13 Leather Archer Armor
44:54 Bodkin Arrow
45:15 Chain Mail Armor
46:20 Two-Man Saw
47:30 Architecture
50:21 Elite Organ Gun
51:06 Man-at-Arms
51:42 Long Swordsman
53:22 Two-Handed Swordsman
56:20 Champion
64:05 Plate Mail Armor
64:11 Iron Casting
63:37 Bracer
63:58 Chain Barding Armor
64:09 Ring Archer Armor
88:11 Plate Barding Armor
88:36 Blast Furnace
David
0:48 Loom
13:38 Feudal Age
14:53 Double-Bit Axe
14:56 Horse Collar
15:40 Town Watch
25:44 Castle Age
27:57 Wheelbarrow
28:04 Heavy Plow
28:43 Town Patrol
29:47 Bow Saw
32:42 Hand Cart
36:01 Imperial Age
34:57 Wagenburg Tactics
35:32 Squires
34:52 Pikeman
36:24 Arson
37:27 Conscription
38:54 Padded Archer Armor
38:44 Fletching
38:56 Scale Mail Armor
39:06 Forging
38:19 Halberdier
41:09 Two-Man Saw
42:06 Chemistry
42:36 Elite Hussite Wagon
44:02 Bombard Tower
44:15 Ballistics
43:53 Murder Holes
46:06 Masonry
46:19 Leather Archer Armor
46:20 Chain Mail Armor
46:40 Iron Casting
46:01 Bodkin Arrow
46:41 Caravan
47:56 Architecture
47:13 Arrowslits
47:39 Fortified Wall
48:08 Ring Archer Armor
48:09 Plate Mail Armor
48:41 Houfnice
56:16 Siege Engineers
63:35 Elite Skirmisher
64:56 Bracer
65:56 Blast Furnace
75:04 Scale Barding Armor
gl
13:39 Feudal Age
15:47 Double-Bit Axe
19:46 Castle Age
29:00 Imperial Age
26:18 Loom
32:24 Chemistry
31:06 Treadmill Crane
31:48 Ballistics
31:20 Fletching
31:30 Gold Mining
33:20 Bow Saw
34:14 Bombard Tower
34:00 Stone Mining
36:19 Wheelbarrow
35:29 Town Watch
35:41 Bodkin Arrow
35:46 Padded Archer Armor
35:47 Scale Mail Armor
35:58 Forging
38:37 Stone Shaft Mining
38:37 Fortified Wall
38:23 Murder Holes
38:54 Bracer
39:10 Leather Archer Armor
39:10 Chain Mail Armor
39:31 Iron Casting
39:15 Hand Cart
39:01 Town Patrol
38:45 Horse Collar
40:08 Two-Man Saw
42:27 Plate Mail Armor
42:58 Blast Furnace
42:28 Ring Archer Armor
42:31 Arquebus
42:06 Sappers
42:58 Conscription
45:20 Masonry
45:15 Siege Engineers
45:03 Elite Organ Gun
46:23 Elite Skirmisher
47:08 Thumb Ring
66:02 Pikeman
66:27 Arson
68:30 Halberdier
Connection lost

Rejoining the realm…

Still unreachable

The connection could not be restored.

Session expired

The server has moved on; the page needs a fresh start.